AoeStats
← FJL

Arabia

510022616Analyzed
1v1 RM · 4d ago on Sep 29, 2026· 47m 54s· 2 players
Game mode
Random Map
Map size
Tiny (2 player)
Population
200
Speed
Normal
Resources
Standard
Victory
Conquest
Starting age
Dark Age
Ending age
Imperial Age
RankedLock teamsTeams togetherTeam positionsShared explorationLock speedFull tech treeHidden civsTurbo modeCheats
Victory
Defeat
🇲🇽 Burmese · Mexico
1810
+17
🇦🇷 Armenians · Argentina
1839
-17
SouBotsito
7:53 Loom
11:50 Feudal Age
14:24 Fletching
21:45 Castle Age
20:21 Padded Archer Armor
21:56 Crossbowman
22:53 Elite Skirmisher
24:38 Bodkin Arrow
29:35 Town Watch
29:42 Horse Collar
34:01 Sanctity
34:27 Wheelbarrow
36:27 Ballistics
39:00 Gold Mining
41:40 Bloodlines
42:06 Hand Cart
46:58 Imperial Age
45:21 Husbandry
46:44 Gold Shaft Mining
47:45 Elite Arambai
FJL
6:34 Loom
9:58 Feudal Age
12:12 Double-Bit Axe
12:55 Fletching
13:56 Man-at-Arms
17:02 Scale Mail Armor
18:37 Horse Collar
19:33 Wheelbarrow
19:17 Long Swordsman
22:11 Padded Archer Armor
24:54 Castle Age
23:36 Padded Archer Armor
25:12 Elite Skirmisher
26:04 Bodkin Arrow
28:43 Two-Handed Swordsman
31:30 Squires
35:36 Leather Archer Armor
36:56 Gambesons
37:29 Chain Mail Armor
39:20 Forging
39:41 Bow Saw
39:23 Gold Mining
40:37 Champion
44:03 Stone Mining
44:45 Crossbowman
46:02 Ballistics
Connection lost

Rejoining the realm…

Still unreachable

The connection could not be restored.

Session expired

The server has moved on; the page needs a fresh start.